 Dungeon Sprint DCSS version 0.31-a0-799-g6bc09d010c (webtiles) character file.

Game seed: 6252343779649290982

21223 sircluck the Brawler (level 12, -3/160 HPs)
             Began as a Troll Berserker on Sept 19, 2023.
             Was the Champion of Trog.
             Engulfed by a cloud of freezing vapour (18 damage)
             ... in the Dungeon (Sprint III: "The Ten Rune Challenge").
             The game lasted 00:07:44 (1971 turns).

sircluck the Brawler (Troll Berserker)              Turns: 1971, Time: 00:07:45

Health: -3/160     AC:  4    Str: 32    XL:     12   Next: 52%
Magic:  11/11      EV: 14    Int:  3    God:    Trog [******]
Gold:   4830       SH:  0    Dex:  9    Spells: 11/11 levels left

rFire   . .          .
                       - Unarmed
rCold   . . .        (no shield)
rNeg    . . .        a - +0 animal skin
rPois   .            (helmet restricted)
rElec   .            (no cloak)
rCorr   .            (gloves unavailable)
SInv    .            (boots unavailable)
Will    .....        (no amulet)
Stlth   +            (no ring)
HPRegen 1.26/turn    (no ring)
MPRegen 0.12/turn

%: no teleportation
@: no status effects
A: large, unfitting armour, claws 3, regeneration 1, shaggy fur 1, tough skin 1,
robust 1
a: Renounce Religion, Berserk, Trog's Hand, Brothers in Arms


You were in the Dungeon.
You worshipped Trog.
Trog was exalted by your worship.
You visited 1 branch You collected 4830 gold pieces.

Inventory:

Missiles
 q - 10 large rocks
Armour
 a - a +0 animal skin (worn)
Wands
 g - a wand of polymorph (6)
 n - a wand of charming (13)
 o - a wand of flame (28)
 t - a wand of mindburst (13)
Scrolls
 c - a scroll of enchant armour {unknown}
 i - a scroll of immolation {unknown}
 j - a scroll of amnesia {unknown}
 l - a scroll of torment {unknown}
 m - 3 scrolls of identify {unknown}
 r - a scroll of fear {unknown}
 s - a scroll of acquirement {unknown}
Potions
 b - a potion of curing
 d - a potion of haste
 e - 2 potions of magic
 f - 2 potions of berserk rage
 h - a potion of mutation
 k - 3 potions of enlightenment {unknown}
 p - a potion of invisibility {unknown}


   Skills:
 + Level 16.5 Fighting
 + Level 16.3 Dodging
 + Level 19.1 Unarmed Combat


You had 11 spell levels left.
You didn't know any spells.
Your spell library was empty.

Dungeon Overview and Level Annotations

Branches:
Dungeon (1/1)

Altars:
Cheibriados
Dithmenos
Elyvilon
Fedhas
Gozag
Hepliaklqana
Kikubaaqudgha
Makhleb
Nemelex Xobeh
Okawaru
Qazlal
Ru
Sif Muna
Trog
Uskayaw
Vehumet
Wu Jian
Xom
Yredelemnul
Zin
The Shining One
Jiyva
Lugonu

Shops:
D *

Annotations:
D exclusion: 2 doors


Innate Abilities, Weirdness & Mutations

You are too large for most types of armour.
You have claws for hands.
Your natural rate of healing is unusually fast.
You are covered in fur. (AC +1)
You have tough skin. (AC +1)
You are robust. (+10% HP)


Message History

You are engulfed in freezing vapours.
Found a curved ivory wand and a runed hand axe.
You are engulfed in freezing vapours.
There is an open door here.
c - a scroll labelled KOONAL ULITYNKIBIL
b - 3 potions of curing (gained 1)
You now have 4784 gold pieces (gained 2).
m - 2 scrolls labelled MINKIKHLEPLI (gained 1)
You now have 4799 gold pieces (gained 15).
You see here a +3 trident of venom.
You are engulfed in freezing vapours.
You are engulfed in freezing vapours.
Items here: $$ / ???.
Okay, then.
Unknown command.
Unknown command.
Unknown command.
g - a wand of polymorph (6)
You are engulfed in freezing vapours.
r - a scroll labelled CAOHUFIECS
m - 3 scrolls labelled MINKIKHLEPLI (gained 1)
s - a scroll labelled QUOCWY PEUM You now have 4806 gold pieces (gained 7).
You now have 4815 gold pieces (gained 9).
You are engulfed in freezing vapours.
You are engulfed in freezing vapours.
Items here: ! $ )) / [.
t - a wand of mindburst (13)
You now have 4830 gold pieces (gained 15).
You are engulfed in freezing vapours.
* * * LOW HITPOINT WARNING * * *
You are engulfed in freezing vapours.
* * * LOW HITPOINT WARNING * * *
There is an open door here.
You feel better.
You are engulfed in freezing vapours.
* * * LOW HITPOINT WARNING * * *
You are engulfed in freezing vapours.
* * * LOW HITPOINT WARNING * * *
You feel better.
You are engulfed in freezing vapours.
You die...

♣♣~~~....)...~~~...##.#.#.#
♣'♣≈≈≈≈≈≈≈≈≈≈≈≈♣♣..'.#.#.#.#
~♣♣♣♣♣♣♣♣♣♣♣♣♣♣♣♣..##.#.#.##
.♣♣ ♣♣♣##+#####
#'♣♣♣♣♣♣♣♣♣♣♣♣♣♣♣♣♣#
♣.##..##~~~~~≈..#)○#
.##.##.#~~~~≈...#○°#
##.##.##')~~≈≈####☼#
.#.##...#~~....○@°°#
)##.##.)#≈..+#######
.##.#####...# ....##......#
######+###### ≈≈≈ ≈≈≈ ≈≈.
~..


There were no monsters in sight!

Vanquished Creatures
  Rupert (D)
  Gastronok (D)
  Ilsuiw (D)
  2 dire elephants (D)
  Snorg (D)
  A hydra (D)
  A centaur warrior (D)
  Urug (D)
  2 orc high priests (D)
  A death drake (D)
  An orc knight (D)
  A deep elf pyromancer (D)
  A lindwurm (D)
  2 orc sorcerers (D)
  An elephant (D)
  2 black mambas (D)
  A rime drake (D)
  2 cane toads (D)
  An unseen horror (D)
  A komodo dragon (D)
  5 blink frogs (D)
  2 tyrant leeches (D)
  A shadow (D)
  3 redbacks (D)
  3 wandering mushrooms (D)
  A spatial vortex (D)
  A hydra simulacrum (D)
  An orc warrior (D)
  A swamp drake (D)
  2 fire dragon simulacra (D)
  2 centaurs (D)
  An earth elemental (D)
  A necrophage (D)
  A water elemental (D)
  An electric eel (D)
  A jelly (D)
  2 orc priests (D)
  A wizard (D)
  An orc wizard (D)
  A necromancer (D)
  A polar bear simulacrum (D)
  3 humans (D)
  A kobold demonologist (D)
  A phantom (D)
  9 orcs (D)
  An endoplasm (D)
  3 rats (D)
76 creatures vanquished.

Vanquished Creatures (collateral kills)
  Polyphemus (D)
  4 death yaks (D)
  An elephant (D)
  3 blink frogs (D)
  3 dream sheep (D)
12 creatures vanquished.

Vanquished Creatures (others)
  A hydra (D)
  A ballistomycete spore (D)
2 creatures vanquished.

Grand Total: 90 creatures vanquished

Notes
Turn   | Place    | Note
-------+----------+-------------------------------------------
     0 | D        | sircluck the Troll Berserker began the quest for the Orb.
     0 | D        | Reached XP level 1. HP: 22/22 MP: 0/0
    24 | D        | Reached ** piety under Trog
    47 | D        | Reached skill level 4 in Unarmed Combat
    47 | D        | Reached XP level 2. HP: 23/31 MP: 1/1
    57 | D        | Noticed a water elemental
    60 | D        | Killed a water elemental
    60 | D        | Reached *** piety under Trog
    61 | D        | Reached skill level 5 in Unarmed Combat
    61 | D        | Reached XP level 3. HP: 40/40 MP: 2/2
    61 | D        | Reached XP level 4. HP: 49/49 MP: 3/3
    73 | D        | Gained mutation: You occasionally shout uncontrollably at
                  | your foes. [potion of mutation]
    74 | D        | Lost mutation: You occasionally shout uncontrollably at
                  | your foes. [potion of mutation]
    74 | D        | Gained mutation: You are weak. (Str -2) [potion of
                  | mutation]
    75 | D        | Lost mutation: You are weak. (Str -2) [potion of mutation]
    75 | D        | Gained mutation: You are robust. (+10% HP) [potion of
                  | mutation]
   105 | D        | Found a glowing silver altar of Zin.
   105 | D        | Found a glowing golden altar of the Shining One.
   105 | D        | Found a white marble altar of Elyvilon.
   106 | D        | Noticed a deep elf pyromancer
   114 | D        | Noticed a fire elemental
   114 | D        | Noticed a fire elemental
   115 | D        | Noticed a fire elemental
   115 | D        | Killed a deep elf pyromancer
   116 | D        | Reached skill level 9 in Unarmed Combat
   116 | D        | Reached XP level 5. HP: 69/69 MP: 4/4
   116 | D        | Reached XP level 6. HP: 79/79 MP: 5/5
   116 | D        | Reached XP level 7. HP: 86/86 MP: 6/6
   125 | D        | Found a hide-covered altar of Uskayaw.
   125 | D        | Found an iron altar of Okawaru.
   125 | D        | Found a bloodstained altar of Trog.
   125 | D        | Found an ornate altar of the Wu Jian Council.
   125 | D        | Noticed a human
   125 | D        | Noticed a human
   130 | D        | Killed a human
   132 | D        | Killed a human
   132 | D        | Reached **** piety under Trog
   133 | D        | Reached skill level 10 in Unarmed Combat
   156 | D        | Found a basalt altar of Yredelemnul.
   156 | D        | Found a shadowy altar of Dithmenos.
   156 | D        | Found a sacrificial altar of Ru.
   181 | D        | Found a radiant altar of Vehumet.
   181 | D        | Found a shimmering blue altar of Sif Muna.
   181 | D        | Found an ancient bone altar of Kikubaaqudgha.
   187 | D        | Noticed a rust devil
   188 | D        | Noticed a smoke demon
   197 | D        | Reached ***** piety under Trog
   233 | D        | Noticed a shadow
   236 | D        | Killed a shadow
   237 | D        | Reached XP level 8. HP: 101/101 MP: 7/7
   253 | D        | Found a blossoming altar of Fedhas.
   253 | D        | Found a stormy altar of Qazlal.
   253 | D        | Found a snail-covered altar of Cheibriados.
   253 | D        | Found a burning altar of Makhleb.
   253 | D        | Found a shimmering altar of Xom.
   265 | D        | Found a hazy altar of Hepliaklqana.
   265 | D        | Found an opulent altar of Gozag.
   265 | D        | Found a sparkling altar of Nemelex Xobeh.
   265 | D        | Found a corrupted altar of Lugonu.
   265 | D        | Found a viscous altar of Jiyva.
   274 | D        | Reached skill level 11 in Unarmed Combat
   316 | D        | Found Sobaom's General Store.
   318 | D        | Noticed Snorg
   327 | D        | Killed Snorg
   327 | D        | Received a gift from Trog
   328 | D        | Reached skill level 10 in Fighting
   328 | D        | Reached skill level 10 in Dodging
   328 | D        | Reached skill level 12 in Unarmed Combat
   401 | D        | Noticed an orc high priest
   406 | D        | Noticed an orc knight
   407 | D        | Noticed an orc sorcerer
   416 | D        | Noticed an orc high priest
   417 | D        | Noticed a smoke demon
   417 | D        | Killed an orc high priest
   418 | D        | Reached XP level 9. HP: 92/112 MP: 8/8
   418 | D        | Noticed a smoke demon
   422 | D        | Killed an orc knight
   423 | D        | Reached skill level 13 in Unarmed Combat
   424 | D        | Killed an orc sorcerer
   429 | D        | Received a gift from Trog
   431 | D        | Noticed an orc sorcerer
   434 | D        | Killed an orc high priest
   435 | D        | Reached XP level 10. HP: 90/126 MP: 9/9
   441 | D        | Killed an orc sorcerer
   441 | D        | Reached ****** piety under Trog
   442 | D        | Reached skill level 14 in Unarmed Combat
   442 | D        | Received a gift from Trog
   526 | D        | Noticed a centaur warrior
   531 | D        | Killed a centaur warrior
   606 | D        | Received a gift from Trog
   616 | D        | Noticed a cane toad
   616 | D        | Noticed a cane toad
   619 | D        | Reached skill level 15 in Unarmed Combat
   622 | D        | Killed a cane toad
   623 | D        | Killed a cane toad
   740 | D        | Received a gift from Trog
   745 | D        | Noticed a lindwurm
   748 | D        | Killed a lindwurm
   749 | D        | Reached XP level 11. HP: 132/139 MP: 10/10
   777 | D        | Killed a five-headed hydra
   809 | D        | Noticed Urug
   813 | D        | Killed Urug
   814 | D        | Reached skill level 16 in Unarmed Combat
   892 | D        | Received a gift from Trog
   973 | D        | Noticed a dire elephant
   973 | D        | Noticed a dire elephant
   985 | D        | Killed a dire elephant
   991 | D        | Killed a dire elephant
   992 | D        | Reached skill level 17 in Unarmed Combat
   993 | D        | Noticed Gastronok
   999 | D        | Killed Gastronok
   999 | D        | Identified the +7 giant spiked club of Unreason {heavy, rN+
                  | Will+ Str+5 Int-4} (Trog gifted it to you in the Dungeon)
   999 | D        | Received a gift from Trog
  1082 | D        | Noticed an azure jelly
  1082 | D        | Noticed an azure jelly
  1082 | D        | Noticed an azure jelly
  1083 | D        | Noticed an azure jelly
  1085 | D        | Noticed Rupert
  1086 | D        | Paralysed by Rupert for 2 turns
  1100 | D        | Killed Rupert
  1101 | D        | Reached skill level 15 in Fighting
  1101 | D        | Reached skill level 15 in Dodging
  1159 | D        | Noticed a death yak
  1159 | D        | Noticed a death yak
  1161 | D        | Noticed a death yak
  1163 | D        | Noticed a death yak
  1166 | D        | Killed a death yak
  1168 | D        | Killed a death yak
  1170 | D        | Killed a death yak
  1171 | D        | Reached skill level 18 in Unarmed Combat
  1171 | D        | Reached XP level 12. HP: 157/157 MP: 11/11
  1172 | D        | Killed a death yak
  1172 | D        | Received a gift from Trog
  1225 | D        | Noticed Polyphemus
  1233 | D        | Killed Polyphemus
  1234 | D        | Received a gift from Trog
  1242 | D        | Noticed Ilsuiw
  1256 | D        | Killed Ilsuiw
  1411 | D        | Noticed a six-headed hydra
  1417 | D        | Killed a seven-headed hydra
  1418 | D        | Reached skill level 19 in Unarmed Combat
  1424 | D        | Received a gift from Trog
  1517 | D        | HP: 8/160 [fire dragon simulacrum (16)]
  1969 | D        | HP: 5/160 [something (21)]
  1971 | D        | Engulfed by a cloud of freezing vapour

Illustrated notes

Levels and vault maps discovered:
D:        dungeon_sprint_mu [sprint_mu_entry_cave, sprint_mu_temple_rooms,
          sprint_mu_d1_horrors, sprint_mu_d2_genie, sprint_mu_d3_branching,
          sprint_mu_orc_legion, sprint_mu_elf_gauntlet, sprint_mu_hive_nellie,
          sprint_mu_lair_fedhas, sprint_mu_vaults_butterflies,
          sprint_mu_slime_circle, sprint_mu_swamp_cave, sprint_mu_shoals_archi,
          sprint_mu_blade_basic, sprint_mu_crypt_chambers,
          sprint_mu_tomb_spiral, sprint_mu_vestibule_basic,
          sprint_mu_gehenna_hellfire, sprint_mu_dis_giant,
          sprint_mu_tartarus_statrot, sprint_mu_cocytus_islands, sprint_mu_zot1]

Skill      XL: |  1  2  3  4  5  6  7  8  9 10 11 12 |
---------------+-------------------------------------+-----
Fighting       | 3 4 7 9 10 11 13 15 16 | 16.5
Dodging        | 3 4 7 9 10 11 13 15 16 | 16.3
Unarmed Combat | 4 5 9 10 12 13 15 18 19 | 19.1

Action                     |  1- 3 |  4- 6 |  7- 9 | 10-12 || total
---------------------------+-------+-------+-------+-------++-------
  Melee: Unarmed           |    13 |     8 |    68 |   146 ||   235
         Punch             |       |       |     2 |    13 ||    15
 Invoke: Berserk           |     1 |       |     2 |     3 ||     6
         Brothers in Arms  |       |       |       |     4 ||     4
    Use: Potion            |       |     3 |       |     3 ||     6
         Scroll            |       |       |       |     1 ||     1
   Stab: Sleeping          |       |       |       |     1 ||     1
 Armour: Animal skin       |     7 |     2 |    37 |   112 ||   158
  Dodge: Dodged            |     7 |     2 |    28 |    67 ||   104

Table legend: (Time is in decaauts)
 A = Elapsed time spent in this place.
 B = Non-inter-level travel time spent in this place.
 C = Inter-level travel time spent in this place.
 D = Time resting spent in this place.
 E = Time spent auto-exploring this place.
 F = Levels seen in this place.
 G = Mean time per level.
                   A        B        C        D        E       F      G
               +--------+--------+--------+--------+--------+-----+--------+
         Total |   2015 |   1912 |    103 |   1140 |    156 |   1 | 2015.0 |
       Dungeon |   2015 |   1912 |    103 |   1140 |    156 |   1 | 2015.0 |
               +--------+--------+--------+--------+--------+-----+--------+

Top non-repeatable levels by time:
       D: 2015 daAuts
